Map: King Sejong Station LE

Players

Zerghamdi - Winner!

  • Race: Zerg Zerg
  • League: Master

Luke

  • Race: Protoss Protoss
  • League: Master

VOD

https://www.youtube.com/channel/UCcSgNfDNxvyisU-eCj9xyNg/playlists

Description

Time

  • Played on: Aug. 26, 2016, 6:17 a.m.
  • Length: 5:22
Show
View Real Time Build Order
Export as new Build Order

Zerghamdi Zerg - Winner!

Build Orders: Hatch First 

Get SALT Encoding   

  12  0:00  Drone  
  13  0:14  Overlord  
  13  0:21  Drone  
  14  0:32  Drone x2  
  16  0:38  Drone  
  17  0:52  Hatchery  
  17  0:55  Drone  
  17  0:59  Drone  
  17  1:01  Extractor  
  17  1:14  Spawning Pool  
  17  1:17  Drone  
  17  1:23  Drone  
  18  1:36  Drone  
  19  1:43  Drone  
  20  1:52  Overlord  
  20  2:02  Queen  
  20  2:04  Metabolic Boost  
  20  2:05  Queen  
  20  2:06  Zergling x2  
  25  2:09  Zergling x2  
  25  2:13  Drone  
  27  2:16  Drone  
  28  2:23  Drone  
  28  2:29  Drone  
  30  2:34  Evolution Chamber  
  30  2:35  Drone  
  30  2:40  Drone  
  31  2:45  Drone  
  32  2:51  Hatchery  
  32  2:55  Drone  
  32  2:58  Drone  
  32  3:04  Zergling x2  
  34  3:08  Zergling x2  
  34  3:11  Zerg Melee Weapons Level 1  
  34  3:13  Zergling x2  
  34  3:17  Overlord  
  35  3:21  Overlord  
  35  3:23  Zergling x2  
  35  3:29  Overlord  
  35  3:37  Zergling x8  
  39  3:42  Zergling x4  
  40  3:50  Zergling x4  
  40  3:51  Zergling x2  
  44  3:55  Zergling x4  
  44  3:59  Zergling x4  
  46  4:06  Zergling x6  
  49  4:20  Spore Crawler  
  49  4:23  Spore Crawler  
  47  4:27  Zergling x8  
  47  4:28  Zergling x2  
  51  4:33  Zergling x6  
  53  4:39  Zergling x4  
  53  4:40  Zergling x2  
  53  4:45  Zergling x4  
  56  4:49  Zergling x2  
  57  4:55  Zergling x6  
  57  4:59  Zergling x2  
  57  5:00  Zergling x2  
  57  5:04  Zergling x4  
Show
View Real Time Build Order
Export as new Build Order

Luke Protoss 

Build Orders: Nexus First 

Get SALT Encoding   

  12  0:02  Probe (Chrono Boost)  
  13  0:12  Probe (Chrono Boost)  
  14  0:21  Pylon  
  14  0:23  Probe (Chrono Boost)  
  15  0:39  Probe (Chrono Boost)  
  17  0:50  Probe (Chrono Boost)  
  17  1:00  Probe (Chrono Boost)  
  17  1:04  Nexus  
  18  1:12  Probe (Chrono Boost)  
  19  1:21  Gateway  
  19  1:24  Assimilator  
  19  1:26  Probe (Chrono Boost)  
  20  1:37  Probe (Chrono Boost)  
  21  1:47  Probe (Chrono Boost)  
  21  1:51  Assimilator  
  21  1:52  Pylon  
  22  1:58  Probe (Chrono Boost)  
  23  2:08  Cybernetics Core  
  23  2:10  Zealot  
  23  2:12  Probe (Chrono Boost)  
  26  2:16  Probe (Chrono Boost)  
  26  2:22  Probe (Chrono Boost)  
  28  2:27  Probe (Chrono Boost)  
  29  2:33  Probe (Chrono Boost)  
  29  2:36  Pylon  
  30  2:37  Probe (Chrono Boost)  
  30  2:43  Probe (Chrono Boost), Adept  
  32  2:48  Probe (Chrono Boost)  
  35  2:54  Probe (Chrono Boost)  
  35  2:56  Twilight Council  
  38  2:59  Warp Gate  
  38  3:01  Mothership Core (Chrono Boost)  
  38  3:08  Pylon  
  38  3:09  Probe (Chrono Boost)  
  39  3:14  Pylon  
  40  3:20  Resonating Glaives  
  40  3:21  Probe (Chrono Boost), Pylon  
  40  3:22  Probe (Chrono Boost)  
  40  3:24  Assimilator  
  41  3:32  Probe (Chrono Boost)  
  43  3:34  Probe (Chrono Boost)  
  43  3:37  Gateway  
  43  3:42  Probe (Chrono Boost)  
  43  3:46  Probe (Chrono Boost)  
  43  3:47  Gateway  
  43  3:53  Probe (Chrono Boost)  
  43  3:55  Assimilator  
  44  3:56  Pylon  
  44  3:58  Probe (Chrono Boost)  
  45  4:03  Probe (Chrono Boost)  
  47  4:10  Probe (Chrono Boost)  
  46  4:18  Probe (Chrono Boost)  
  46  4:22  Probe (Chrono Boost), Pylon  
  48  4:36  Probe (Chrono Boost)  
  48  4:38  Probe (Chrono Boost)  
  48  4:40  Pylon  
  40  4:52  Pylon  
  28  5:09  Adept  
  29  5:16  Adept x2  
Tags
 
Add a new tag
Caveats
  • Supply blocks, unpowered buildings, or Contaminate may cause inaccurate times.
  • Supply counts are checked every 10 seconds.